Map: Lerilak Crest

Players

Javert - Winner!

  • Race: Zerg Zerg
  • League: Platinum

Phoenix

  • Race: Protoss Protoss
  • League: Gold

VOD

Have the link to the VOD?

Description

Time

  • Played on: Aug. 13, 2015, 11:18 p.m.
  • Length: 9:06
Show
View Real Time Build Order
Export as new Build Order

Javert Zerg - Winner!

Build Orders: Hatch First 

Get SALT Encoding   

  12  0:01  Drone  
  13  0:09  Drone  
  14  0:23  Extractor  
  14  0:24  Extractor  
  14  0:25  Drone x2  
  16  0:28  Overlord  
  16  0:57  Hatchery  
  15  1:17  Spawning Pool  
  14  1:19  Drone  
  14  1:20  Drone x2  
  16  1:36  Drone  
  17  1:46  Drone  
  18  2:05  Queen  
  18  2:06  Zergling x2  
  18  2:07  Zergling x2  
  22  2:19  Queen  
  24  2:31  Hatchery  
  24  2:36  Drone x4  
  27  2:45  Extractor  
  26  2:52  Overlord x2  
  26  2:59  Drone x2  
  28  3:09  Queen  
  28  3:11  Drone x3  
  28  3:12  Drone  
  33  3:23  Drone  
  33  3:24  Drone x3  
  37  3:35  Roach Warren  
  37  3:38  Drone x2  
  38  3:50  Metabolic Boost  
  38  3:56  Zergling x2  
  38  3:57  Zergling x12  
  38  3:59  Zergling x2  
  46  4:05  Overlord  
  46  4:16  Drone x3  
  49  4:18  Overlord x2  
  49  4:25  Lair  
  49  4:28  Extractor  
  47  4:32  Drone x5  
  52  4:44  Drone x2  
  52  4:45  Drone x5  
  57  4:56  Drone x6  
  57  4:59  Drone  
  64  5:05  Extractor x2  
  58  5:11  Evolution Chamber  
  58  5:13  Drone x5  
  58  5:14  Drone x5  
  67  5:23  Overseer  
  67  5:27  Overlord x2  
  67  5:28  Hydralisk Den  
  66  5:45  Zerg Missile Weapons Level 1  
  66  5:46  Overlord  
  66  5:47  Drone x5  
  71  5:55  Roach, Extractor x2  
  71  5:56  Roach x7  
  85  6:10  Overlord  
  85  6:11  Overlord  
  83  6:15  Roach  
  83  6:16  Roach x5  
  95  6:22  Drone  
  95  6:23  Drone  
  95  6:25  Overlord x2  
  97  6:30  Drone  
  97  6:31  Drone x3  
  101  6:34  Muscular Augments  
  101  6:35  Glial Reconstitution  
  101  6:38  Drone x2  
  101  6:39  Drone  
  104  6:42  Drone  
  104  6:44  Drone x8  
  113  6:49  Ravager  
  113  6:50  Ravager x3  
  113  6:52  Roach  
  119  6:58  Hatchery  
  119  6:59  Overlord  
  118  7:08  Hydralisk x5  
  118  7:10  Evolution Chamber  
  118  7:12  Overlord x2  
  127  7:22  Overseer  
  93  7:55  Spine Crawler  
  93  7:56  Spore Crawler, Hydralisk x9  
  93  7:57  Hydralisk  
  109  8:01  Spine Crawler, Overseer  
  109  8:04  Spine Crawler  
  107  8:14  Drone x2  
  107  8:15  Drone x7  
  116  8:20  Overlord  
  116  8:21  Overlord, Queen  
  116  8:24  Overlord  
  116  8:25  Hydralisk  
Show
View Real Time Build Order
Export as new Build Order

Phoenix Protoss 

Build Orders: 1 Gate Expand, Forge Fast Expand (FFE) 

Get SALT Encoding   

  12  0:21  Pylon  
  12  0:25  Probe  
  13  0:37  Probe (Chrono Boost)  
  14  0:49  Probe (Chrono Boost)  
  15  0:52  Forge  
  15  0:58  Gateway  
  15  1:02  Probe (Chrono Boost)  
  16  1:14  Probe (Chrono Boost)  
  17  1:27  Probe  
  18  1:34  Nexus  
  18  1:39  Probe (Chrono Boost)  
  19  1:55  Pylon  
  19  2:02  Photon Cannon  
  19  2:07  Pylon  
  19  2:08  Probe  
  20  2:26  Cybernetics Core  
  20  2:31  Photon Cannon  
  20  2:32  Probe  
  20  2:36  Assimilator  
  21  2:40  Assimilator  
  21  2:46  Probe (Chrono Boost)  
  21  2:50  Probe (Chrono Boost)  
  22  2:56  Probe (Chrono Boost)  
  24  3:00  Probe (Chrono Boost)  
  24  3:03  Probe (Chrono Boost)  
  25  3:07  Probe (Chrono Boost)  
  25  3:10  Zealot  
  28  3:14  Assimilator  
  28  3:17  Probe (Chrono Boost)  
  30  3:20  Probe (Chrono Boost)  
  31  3:28  Probe (Chrono Boost)  
  31  3:30  Probe (Chrono Boost)  
  31  3:32  Twilight Council  
  32  3:37  Probe (Chrono Boost)  
  34  3:42  Probe (Chrono Boost)  
  34  3:45  Probe (Chrono Boost)  
  35  3:50  Probe (Chrono Boost)  
  35  3:51  Pylon  
  35  3:54  Pylon  
  36  3:56  Probe (Chrono Boost)  
  38  4:02  Probe (Chrono Boost)  
  38  4:07  Mothership Core (Chrono Boost), Assimilator  
  41  4:10  Probe (Chrono Boost)  
  41  4:12  Protoss Ground Weapons Level 1  
  41  4:15  Pylon  
  41  4:24  Dark Shrine  
  41  4:32  Probe  
  41  4:34  Gateway  
  41  4:38  Gateway  
  39  4:55  Probe, Zealot  
  40  5:10  Pylon  
  40  5:13  Probe (Chrono Boost), Warp Gate (Chrono Boost)  
  41  5:14  Blink  
  41  5:19  Probe (Chrono Boost)  
  42  5:25  Probe (Chrono Boost)  
  43  5:35  Probe (Chrono Boost)  
  44  5:36  Nexus  
  44  5:39  Pylon  
  44  5:47  Zealot x2  
  44  5:48  Pylon  
  44  5:49  Sentry (Chrono Boost)  
  49  5:50  Probe  
  50  6:19  Probe x2  
  50  6:22  Photon Cannon  
  50  6:23  Pylon, Protoss Ground Weapons Level 2 (Chrono Boost)  
  50  6:24  Gateway  
  50  6:25  Gateway  
  52  6:30  Pylon x2  
  52  6:31  Probe  
  53  6:36  Probe  
  56  6:43  Probe  
  57  6:47  Robotics Facility  
  56  6:56  Probe (Chrono Boost)  
  56  6:57  Probe (Chrono Boost)  
  57  7:03  Dark Templar x2  
  57  7:04  Dark Templar  
  57  7:08  Probe (Chrono Boost)  
  64  7:11  Probe  
  65  7:17  Probe  
  65  7:22  Stalker x2  
  59  7:44  Zealot x3  
  59  7:46  Probe  
  59  7:47  Immortal (Chrono Boost)  
  64  7:57  Probe  
  65  7:58  Pylon  
  65  8:01  Pylon  
  65  8:03  Pylon  
  65  8:09  Probe (Chrono Boost)  
  67  8:14  Sentry, Probe (Chrono Boost)  
  67  8:15  Sentry x3  
  67  8:16  Sentry  
  67  8:17  Nexus  
  67  8:19  Immortal (Chrono Boost)  
  81  8:25  Probe  
  81  8:26  Probe  
  73  8:38  Stalker  
  73  8:39  Stalker x2  
Tags
 
Add a new tag
Caveats
  • Supply blocks, unpowered buildings, or Contaminate may cause inaccurate times.
  • Supply counts are checked every 10 seconds.